Map: King's Cove LE

Players

Jamesvin

  • Race: Protoss Protoss
  • League: Master
  • Spawn Location: 5:00

Mez - Winner!

  • Race: Terran Terran
  • League: Master
  • Spawn Location: 11:00

VOD

Have the link to the VOD?

Description

Time

  • Played on: Aug. 6, 2019, 11:41 a.m.
  • Length: 12:14
Show
View Real Time Build Order
Export as new Build Order

Jamesvin Protoss 

Build Orders: 1 Gate Expand, Oracle Opening, Phoenix Opening 

Get SALT Encoding   

  12  0:00  Probe  
  13  0:12  Probe  
  14  0:19  Pylon  
  14  0:25  Probe  
  15  0:33  Probe  
  15  0:39  Gateway  
  15  0:41  Probe  
  16  0:47  Assimilator  
  17  0:51  Probe  
  18  1:03  Probe  
  19  1:15  Probe  
  20  1:26  Nexus  
  20  1:36  Cybernetics Core  
  20  1:49  Probe  
  20  1:51  Pylon  
  21  1:55  Assimilator  
  21  2:01  Probe  
  21  2:02  Adept  
  25  2:15  Probe  
  24  2:25  Stargate  
  24  2:27  Probe  
  25  2:32  Adept  
  27  2:41  Probe  
  27  2:44  Probe  
  27  2:49  Probe  
  29  2:57  Probe  
  31  2:59  Probe, Oracle  
  31  3:02  Adept  
  31  3:04  Warp Gate  
  34  3:09  Probe  
  34  3:11  Probe  
  39  3:21  Probe  
  39  3:23  Probe  
  41  3:33  Probe, Pylon  
  42  3:35  Probe  
  42  3:36  Phoenix  
  45  3:45  Probe  
  46  3:49  Gateway  
  46  3:51  Gateway  
  46  3:53  Probe  
  46  3:54  Pylon  
  47  4:01  Phoenix  
  49  4:06  Probe x2  
  51  4:27  Phoenix  
  53  4:31  Shield Battery  
  49  4:56  Adept x2  
  49  4:57  Adept  
  47  5:13  Probe x2  
  49  5:17  Phoenix  
  51  5:24  Probe  
  51  5:25  Probe  
  51  5:26  Twilight Council, Gateway  
  51  5:27  Nexus  
  51  5:28  Pylon, Gateway  
  53  5:32  Probe  
  53  5:33  Probe, Pylon  
  53  5:38  Adept  
  53  5:39  Sentry  
  53  5:40  Probe  
  53  5:41  Probe  
  59  5:45  Pylon  
  59  5:47  Phoenix  
  63  5:51  Probe x2  
  63  5:53  Adept  
  64  6:07  Adept x2  
  64  6:10  Resonating Glaives  
  68  6:12  Pylon  
  68  6:14  Pylon  
  68  6:22  Adept x2  
  72  6:31  Probe x2  
  74  6:36  Assimilator  
  74  6:37  Adept  
  74  6:38  Adept x2  
  80  6:43  Probe  
  81  6:47  Adept x2  
  81  6:49  Probe x2  
  81  6:51  Shield Battery  
  87  6:55  Probe  
  88  7:06  Adept  
  88  7:07  Adept x4  
  98  7:15  Probe x3  
  101  7:27  Probe x3  
  104  7:37  Forge  
  104  7:39  Probe x2  
  104  7:40  Probe, Adept x2  
  104  7:41  Gateway  
  104  7:43  Gateway  
  111  7:51  Probe x2  
  111  7:52  Probe  
  111  7:54  Phoenix  
  111  7:55  Protoss Ground Weapons Level 1  
  116  8:03  Probe  
  116  8:04  Robotics Facility  
  117  8:08  Pylon  
  117  8:09  Pylon  
  117  8:10  Pylon  
  117  8:16  Assimilator  
  117  8:26  Probe x3, Oracle  
  123  8:27  Pylon  
  123  8:29  Nexus  
  123  8:32  Pylon  
  123  8:35  Sentry  
  123  8:38  Assimilator, Charge  
  125  8:52  Robotics Facility  
  125  8:55  Observer  
  126  8:57  Robotics Bay  
  126  9:20  Observer  
  126  9:23  Assimilator  
  127  9:33  Zealot x7, Colossus x2  
  153  10:00  Extended Thermal Lance  
  153  10:02  Zealot x6  
  153  10:03  Zealot  
  167  10:11  Pylon  
  155  10:14  Pylon  
  153  10:21  Pylon  
  153  10:28  Pylon  
  153  10:31  Pylon  
  137  10:38  Zealot x7  
  127  10:54  Colossus x2  
  105  10:59  Zealot x7  
  101  11:06  Nexus  
  101  11:09  Pylon  
  82  11:11  Pylon  
  82  11:20  Zealot x7  
  96  11:25  Pylon  
  96  11:42  Photon Cannon  
  96  11:44  Templar Archives  
  106  11:55  Zealot x7  
Show
View Real Time Build Order
Export as new Build Order

Mez Terran - Winner!

Build Orders: Reaper Expand 

Get SALT Encoding   

  12  0:00  SCV  
  13  0:12  SCV  
  14  0:18  Supply Depot  
  14  0:25  SCV  
  15  0:40  SCV  
  16  0:43  Barracks  
  16  0:46  Refinery  
  16  0:52  SCV  
  17  1:04  SCV  
  18  1:16  SCV  
  19  1:31  Reaper, Orbital Command  
  20  1:48  Command Center  
  20  1:57  Barracks  
  20  2:00  SCV  
  21  2:04  Barracks Reactor  
  21  2:12  SCV  
  22  2:17  Supply Depot  
  22  2:24  Barracks  
  22  2:28  SCV  
  23  2:45  SCV, Marine  
  23  2:46  Marine, Barracks Tech Lab  
  26  2:58  SCV  
  27  3:03  Orbital Command  
  27  3:05  Marine x2  
  27  3:06  Concussive Shells, Marauder  
  27  3:10  SCV  
  32  3:12  Marine  
  33  3:22  SCV  
  33  3:26  Engineering Bay  
  34  3:29  Supply Depot  
  34  3:31  SCV, Marine  
  34  3:32  Marine  
  37  3:34  SCV  
  37  3:35  Marine  
  37  3:36  Marauder  
  41  3:43  SCV  
  41  3:46  SCV  
  43  3:50  Marine x2  
  43  3:53  Marine  
  43  3:54  Stimpack  
  46  3:56  Missile Turret, Marine  
  46  3:58  Supply Depot  
  47  4:06  SCV x2  
  49  4:10  Missile Turret  
  47  4:18  Marine x4  
  47  4:19  SCV x2  
  53  4:31  SCV x2  
  53  4:32  Terran Infantry Weapons Level 1  
  53  4:36  Marine x3  
  58  4:38  Marine  
  58  4:53  Marine  
  58  4:58  SCV x2  
  58  5:04  Factory  
  58  5:05  Command Center  
  56  5:10  SCV x2  
  51  5:17  Refinery, Barracks Tech Lab  
  51  5:18  Refinery  
  51  5:22  SCV x2  
  51  5:24  Barracks  
  51  5:26  Barracks  
  53  5:29  Supply Depot  
  53  5:33  Marine x3  
  53  5:34  SCV x2  
  58  5:39  Combat Shield  
  58  5:46  SCV x2  
  58  5:47  Marine  
  58  5:48  Refinery  
  61  5:51  Marine  
  61  5:55  Supply Depot  
  61  5:57  Marine  
  62  5:58  SCV  
  62  5:59  Marauder  
  67  6:04  SCV  
  67  6:05  Marine  
  67  6:06  Starport, Factory Reactor  
  67  6:10  SCV  
  69  6:15  Barracks Reactor, Barracks Tech Lab  
  69  6:16  Marine x2  
  71  6:30  SCV x2  
  71  6:32  Marauder x2  
  76  6:34  Marine x2  
  78  6:40  Orbital Command  
  78  6:42  SCV x2  
  78  6:44  Missile Turret  
  78  6:45  Marauder  
  82  6:49  Terran Infantry Armor Level 1  
  82  6:51  Marine, Supply Depot  
  82  6:52  Medivac x2  
  82  6:53  Marine x2  
  82  6:54  Marauder, Supply Depot  
  91  6:57  SCV  
  91  6:58  SCV, Supply Depot  
  93  7:12  Marine x2  
  93  7:13  Marauder  
  97  7:16  Marine x3  
  97  7:17  Marauder, Supply Depot  
  97  7:19  Supply Depot  
  97  7:20  SCV x3  
  105  7:25  Factory Reactor  
  105  7:28  Supply Depot  
  105  7:29  Supply Depot  
  105  7:30  Medivac x2  
  105  7:32  SCV x2  
  105  7:34  SCV  
  112  7:44  SCV  
  112  7:45  SCV  
  112  7:46  SCV  
  112  7:48  Armory  
  115  7:53  Engineering Bay  
  115  7:59  Marine, Supply Depot  
  115  8:00  Marine x2, Marauder x3  
  115  8:01  Supply Depot  
  115  8:03  Medivac  
  126  8:06  SCV x2  
  126  8:07  SCV  
  126  8:11  Medivac  
  131  8:14  Marine  
  132  8:21  Marine, Marauder  
  132  8:23  Supply Depot  
  132  8:24  Widow Mine x2  
  132  8:26  Supply Depot  
  139  8:28  Supply Depot x2  
  139  8:33  Refinery x2  
  139  8:40  Marine x4, Marauder x2  
  147  8:42  Marine, Medivac  
  147  8:43  Medivac  
  147  8:47  Widow Mine x2  
  156  8:53  Terran Infantry Weapons Level 2  
  156  8:57  SCV x3  
  159  9:09  SCV x2  
  161  9:11  Supply Depot  
  161  9:12  Supply Depot  
  161  9:14  Marine x4, Marauder x3  
  169  9:21  Command Center  
  169  9:32  Marine x3  
  169  9:33  Marine  
  169  9:35  Widow Mine x2, Marauder, Medivac x2  
  183  9:44  Barracks  
  183  9:45  Barracks  
  183  9:47  Barracks, Marauder  
  183  9:52  Ghost Academy  
  185  10:11  Marine x2  
  185  10:12  Marauder x3  
  168  10:43  Marine, Marauder  
  168  10:44  Marine x2, Marauder x2, Barracks Tech Lab x2  
  168  10:45  Barracks Tech Lab  
  161  11:02  Marine x3  
  149  11:05  Marauder x3  
  149  11:18  Marine x2, Marauder  
  149  11:19  Marine, Marauder  
  149  11:20  Viking x2  
  149  11:23  Fusion Core, Starport  
  149  11:24  Starport  
  158  11:26  Marauder  
  158  11:31  Marine, Marauder x2  
  165  11:35  Planetary Fortress  
  165  11:42  Refinery  
  165  11:45  Marine, Marauder  
  165  11:46  Refinery, Marauder x2  
Tags
 
Add a new tag
Caveats
  • Supply blocks, unpowered buildings, or Contaminate may cause inaccurate times.
  • Supply counts are checked every 10 seconds.